AoeStats
← Elfo Jhon

Lombardia

507613370Analyzed
4v4 RM · 14d ago on Sep 19, 2026· 33m 53s· 8 players
Game mode
Random Map
Map size
Large (8 player)
Population
200
Speed
Normal
Resources
Standard
Victory
Conquest
Starting age
Dark Age
Ending age
Imperial Age
RankedLock teamsTeams togetherTeam positionsShared explorationLock speedFull tech treeHidden civsTurbo modeCheats
Victory
Defeat
🇲🇽 Khitans · Mexico
1384
+13
🇦🇷 Saracens · Argentina
1381
+13
🇲🇽 Khmer · Mexico
1375
+13
🇲🇽 Malay · Mexico
1371
+13
🇨🇴 Chinese · Colombia
1415
-17
🇨🇴 Saracens · Colombia
1362
-15
🇨🇴 Magyars · Colombia
1265
-11
🇨🇴 Ethiopians · Colombia
1215
-9
[AOQ] Mini Viper
7:16 Loom
10:24 Feudal Age
15:16 Double-Bit Axe
16:22 Scale Barding Armor
16:59 Forging
23:27 Castle Age
21:19 Gold Mining
21:55 Domestication
24:33 Chain Barding Armor
24:55 Iron Casting
25:01 Husbandry
25:12 Pastoralism
26:12 Bow Saw
26:36 Stone Mining
oscbennetts
6:38 Loom
9:09 Feudal Age
10:00 Double-Bit Axe
10:30 Horse Collar
18:37 Bloodlines
20:28 Wheelbarrow
20:05 Scale Barding Armor
22:00 Forging
25:50 Castle Age
23:46 Gold Mining
25:39 Stone Mining
26:40 Bow Saw
27:02 Chain Barding Armor
27:19 Iron Casting
26:50 Husbandry
27:01 Heavy Plow
28:35 Hand Cart
Zellet 3000
8:23 Loom
10:09 Feudal Age
10:35 Double-Bit Axe
12:43 Fletching
12:56 Padded Archer Armor
21:34 Castle Age
19:33 Stone Mining
19:25 Horse Collar
20:02 Gold Mining
22:25 Bodkin Arrow
22:45 Bow Saw
26:18 Leather Archer Armor
25:34 Crossbowman
26:31 Leather Archer Armor
28:18 Wheelbarrow
28:21 Gold Shaft Mining
27:29 Crossbowman
27:31 Elite Skirmisher
31:02 Stone Shaft Mining
31:49 Hand Cart
32:17 Heavy Plow
36:53 Imperial Age
cuba
6:45 Loom
10:04 Feudal Age
10:36 Double-Bit Axe
17:11 Fletching
19:32 Padded Archer Armor
27:06 Castle Age
28:07 Bow Saw
29:35 Fortified Wall
28:52 Crossbowman
29:39 Thumb Ring
29:39 Town Watch
Acreed21
10:02 Feudal Age
8:20 Loom
10:05 Feudal Age
11:08 Double-Bit Axe
13:09 Horse Collar
15:40 Scale Barding Armor
18:26 Bloodlines
27:26 Castle Age
28:59 Bow Saw
29:17 Forging
30:36 Iron Casting
Duwhite
0:45 Loom
8:35 Feudal Age
9:18 Double-Bit Axe
11:57 Forging
11:55 Scale Barding Armor
16:20 Bloodlines
18:24 Wheelbarrow
21:26 Castle Age
19:46 Horse Collar
27:06 Chain Barding Armor
27:22 Husbandry
28:23 Stone Mining
31:00 Fletching
31:10 Padded Archer Armor
31:24 Gold Mining
Elfo Jhon
11:23 Feudal Age
18:13 Castle Age
16:16 Double-Bit Axe
17:25 Fletching
19:00 Bodkin Arrow
19:58 Loom
19:59 Crossbowman
31:04 Wheelbarrow
32:04 Bow Saw
Saarba
5:20 Loom
9:47 Feudal Age
13:45 Wheelbarrow
16:00 Castle Age
18:23 Husbandry
25:33 Horse Collar
28:45 Bloodlines
31:35 Fletching
Connection lost

Rejoining the realm…

Still unreachable

The connection could not be restored.

Session expired

The server has moved on; the page needs a fresh start.